Map: Coda LE

Players

Nerchio - Winner!

  • Race: Zerg Zerg
  • Spawn Location: 11:00

Semper

  • Race: Terran Terran
  • Spawn Location: 5:00

Event: LycanGTV LotV Beta Tournament 1

VOD

Have the link to the VOD?

Description

Time

  • Played on: April 2, 2015, 12:39 p.m.
  • Length: 8:42

All games in this series

Show
View Real Time Build Order
Export as new Build Order

Nerchio Zerg - Winner!

Build Orders: Hatch First 

Get SALT Encoding   

  12  0:01  Drone  
  13  0:12  Overlord  
  13  0:18  Drone  
  14  0:31  Drone x2  
  14  0:34  Drone  
  17  0:45  Drone  
  18  0:57  Hatchery  
  18  1:00  Drone  
  18  1:05  Extractor  
  17  1:15  Spawning Pool  
  16  1:19  Drone  
  16  1:22  Drone  
  18  1:28  Drone  
  19  1:38  Overlord  
  19  1:53  Drone  
  20  2:02  Zergling x2, Queen  
  20  2:05  Metabolic Boost  
  23  2:08  Queen  
  23  2:13  Drone  
  23  2:15  Drone  
  27  2:20  Drone  
  28  2:24  Drone  
  29  2:31  Drone  
  29  2:34  Drone  
  31  2:42  Drone  
  32  2:50  Drone  
  33  2:52  Hatchery, Drone  
  33  2:56  Overlord  
  33  3:02  Drone  
  33  3:05  Drone  
  35  3:10  Drone  
  36  3:15  Drone x4  
  36  3:18  Queen  
  42  3:21  Overlord  
  42  3:25  Drone  
  43  3:31  Extractor  
  43  3:33  Overlord  
  42  3:37  Lair  
  42  3:38  Drone  
  42  3:39  Extractor  
  42  3:42  Drone x3  
  42  3:44  Drone  
  42  3:46  Drone  
  47  3:50  Overlord  
  47  3:52  Drone x2  
  47  3:55  Extractor  
  48  3:56  Drone  
  48  3:59  Drone  
  48  4:00  Drone  
  51  4:04  Overlord  
  51  4:05  Drone  
  51  4:07  Drone  
  52  4:13  Drone  
  52  4:14  Queen  
  55  4:21  Roach Warren  
  55  4:23  Zergling x4  
  56  4:25  Zergling x2  
  57  4:34  Drone  
  57  4:38  Drone x3, Spire  
  60  4:40  Drone  
  60  4:41  Drone  
  60  4:44  Drone x2  
  64  4:48  Drone x3  
  64  4:51  Drone  
  68  4:53  Drone  
  68  4:58  Spore Crawler, Overseer  
  68  4:59  Drone  
  69  5:00  Drone  
  69  5:02  Overseer  
  69  5:03  Drone  
  69  5:05  Drone  
  72  5:09  Overlord  
  72  5:10  Overlord  
  72  5:17  Extractor  
  72  5:18  Drone, Extractor  
  72  5:19  Drone x3  
  72  5:20  Drone  
  74  5:23  Overlord  
  74  5:26  Zergling x2  
  73  5:29  Drone  
  73  5:30  Drone x5  
  75  5:42  Drone  
  75  5:43  Drone x5  
  75  5:45  Drone x4  
  84  5:59  Zerg Flyer Weapons Level 1  
  84  6:01  Mutalisk x3  
  84  6:03  Hatchery  
  89  6:08  Glial Reconstitution  
  89  6:10  Evolution Chamber  
  88  6:12  Overlord  
  88  6:14  Evolution Chamber  
  88  6:15  Overlord  
  87  6:26  Roach x5  
  87  6:28  Overlord  
  87  6:29  Pneumatized Carapace  
  87  6:31  Roach x3  
  103  6:33  Roach  
  103  6:34  Roach  
  103  6:37  Roach x2  
  103  6:39  Roach  
  113  6:42  Zerg Missile Weapons Level 1  
  113  6:50  Drone  
  111  6:54  Burrow, Roach  
  111  6:55  Roach x4  
  111  7:00  Overlord x2  
  121  7:02  Overlord  
  121  7:05  Overlord  
  119  7:09  Roach  
  119  7:14  Overlord  
  121  7:16  Ravager x3  
  121  7:18  Ravager x7  
  121  7:20  Roach x6  
  121  7:21  Roach  
  141  7:26  Infestation Pit  
  141  7:27  Roach x3  
  141  7:29  Roach  
  148  7:31  Roach  
  148  7:33  Roach  
  148  7:34  Roach  
  148  7:36  Roach  
  153  7:40  Roach  
  153  7:41  Roach x2  
  149  7:44  Roach  
  149  7:45  Roach  
  149  7:47  Roach  
  153  7:52  Roach x4  
  153  7:56  Roach x2  
  153  7:58  Roach x2  
  161  8:03  Roach x3  
  155  8:08  Roach x3  
  151  8:13  Roach  
  151  8:14  Overlord  
  151  8:15  Overlord x2  
  151  8:17  Overlord  
  153  8:24  Overlord  
Show
View Real Time Build Order
Export as new Build Order

Semper Terran 

Build Orders: Command Center First (CC), Siege Tank Drop 

Get SALT Encoding   

  12  0:01  SCV  
  13  0:13  SCV  
  14  0:18  Supply Depot  
  14  0:25  SCV  
  15  0:39  SCV  
  16  0:57  Command Center  
  16  1:00  SCV  
  17  1:12  SCV  
  17  1:15  Barracks  
  18  1:20  Refinery  
  18  1:25  SCV  
  19  1:37  SCV  
  20  1:49  SCV  
  21  2:03  Marine, Orbital Command  
  21  2:07  Bunker  
  22  2:09  Orbital Command  
  22  2:21  Factory, Marine  
  23  2:29  SCV  
  24  2:35  SCV  
  25  2:38  Supply Depot  
  25  2:40  Barracks Reactor  
  25  2:41  SCV  
  26  2:47  SCV  
  27  2:53  SCV  
  28  2:59  SCV  
  28  3:05  Command Center, SCV  
  30  3:09  Supply Depot  
  30  3:11  SCV  
  30  3:12  Refinery  
  31  3:20  SCV  
  31  3:23  Hellion  
  31  3:24  Starport  
  31  3:26  Hellion  
  36  3:27  SCV  
  36  3:32  Barracks Tech Lab  
  37  3:36  SCV, Supply Depot  
  37  3:40  SCV  
  39  3:48  SCV  
  40  3:52  SCV  
  41  3:59  Siege Tank  
  41  4:00  SCV  
  41  4:01  Refinery, Marine x2  
  47  4:04  SCV, Supply Depot  
  48  4:12  SCV  
  48  4:14  Supply Depot  
  48  4:16  SCV  
  51  4:19  Medivac  
  51  4:21  Orbital Command  
  51  4:24  SCV, Marine x2  
  52  4:28  SCV  
  52  4:30  Engineering Bay  
  56  4:31  Engineering Bay  
  56  4:35  Siege Tank  
  56  4:36  SCV  
  60  4:39  Refinery  
  60  4:40  SCV  
  60  4:45  Marine x2  
  63  4:48  SCV  
  63  4:49  Supply Depot  
  64  4:54  Starport Tech Lab  
  64  4:56  SCV x2  
  66  5:02  SCV  
  66  5:03  Terran Infantry Weapons Level 1, Terran Infantry Armor Level 1  
  67  5:10  Barracks x2  
  67  5:12  SCV x2  
  67  5:22  SCV  
  67  5:24  Marine  
  67  5:25  Factory Tech Lab  
  67  5:29  SCV  
  68  5:36  SCV  
  68  5:40  SCV  
  70  5:43  Orbital Command  
  70  5:45  Marine  
  70  5:46  SCV, Stimpack  
  70  5:48  SCV  
  70  5:49  Barracks  
  73  5:50  Siege Tank, Barracks  
  73  5:54  Supply Depot x2  
  76  5:58  SCV, Starport Reactor  
  76  6:01  SCV  
  78  6:06  Marine  
  78  6:07  Marine x2  
  78  6:09  SCV, Barracks Reactor  
  78  6:10  SCV  
  83  6:13  SCV, Bunker  
  83  6:15  Bunker  
  83  6:16  Missile Turret  
  83  6:18  Supply Depot, Missile Turret  
  84  6:20  Supply Depot, Missile Turret  
  84  6:21  SCV, Missile Turret  
  84  6:22  Armory, SCV  
  84  6:24  Marine  
  87  6:26  Marine x2  
  87  6:31  SCV  
  90  6:34  Siege Tank  
  90  6:35  Medivac  
  90  6:36  Medivac  
  97  6:42  Missile Turret, Marine  
  97  6:43  SCV x2  
  97  6:44  Marine x2  
  97  6:45  SCV  
  102  6:55  SCV x2  
  102  6:56  Marine x2  
  102  7:00  Barracks Reactor, Marine  
  102  7:01  Barracks Reactor  
  105  7:02  SCV, Marine x2  
  105  7:07  SCV  
  109  7:09  SCV  
  109  7:14  Marine x2  
  112  7:18  Marine  
  112  7:20  Marine x2  
  114  7:27  Siege Tank  
  118  7:30  SCV x2, Refinery  
  118  7:32  Marine x2  
  118  7:33  SCV, Factory, Refinery  
  118  7:34  Missile Turret  
  118  7:35  Marine  
  123  7:37  Marine  
  123  7:38  Marine x5  
  123  7:42  SCV x2  
  128  7:46  SCV  
  128  7:49  Marine  
  128  7:50  Marine  
  127  7:53  Marine  
  127  7:55  Marine x2  
  127  7:56  Marine x4  
  127  7:57  SCV  
  122  7:59  Siege Tank  
  122  8:00  SCV  
  118  8:07  Marine x2  
  118  8:11  Marine  
  101  8:13  Marine x6  
  101  8:27  SCV  

Tags
 
Add a new tag
Caveats
  • Supply blocks, unpowered buildings, or Contaminate may cause inaccurate times.
  • Supply counts are checked every 10 seconds.